Map: Pylon LE

Players

ManlyManMeat

  • Race: Zerg Zerg
  • League: Diamond
  • Spawn Location: 11:00

llllllllllll - Winner!

  • Race: Terran Terran
  • League: Master
  • Spawn Location: 5:00

VOD

Have the link to the VOD?

Description

Time

  • Played on: July 5, 2025, 10:57 a.m.
  • Length: 10:17
Show
View Real Time Build Order
Export as new Build Order

ManlyManMeat Zerg 

Build Orders: Hatch First 

Get SALT Encoding   

  12  0:00  Drone  
  13  0:08  Drone  
  13  0:13  Extractor  
  13  0:16  Drone  
  15  0:22  Overlord  
  15  0:41  Drone  
  16  0:47  Hatchery  
  15  0:50  Drone  
  15  0:54  Drone  
  17  0:57  Drone  
  18  1:08  Extractor  
  17  1:14  Spawning Pool  
  17  1:16  Drone  
  17  1:21  Drone  
  18  1:26  Drone  
  19  1:38  Drone  
  20  2:01  Queen x2  
  22  2:04  Drone  
  22  2:06  Zergling x4  
  27  2:14  Overlord  
  27  2:16  Metabolic Boost  
  27  2:18  Drone  
  28  2:44  Drone x3  
  28  2:45  Drone, Overlord x2  
  31  3:12  Drone  
  32  3:13  Drone x4  
  36  3:20  Hatchery  
  36  3:21  Zergling x4  
  36  3:22  Zergling x2  
  36  3:25  Queen  
  40  3:28  Queen  
  42  3:35  Overlord  
  42  3:36  Overlord  
  40  4:12  Queen  
  40  4:13  Queen  
  40  4:16  Drone  
  45  4:19  Baneling Nest, Drone x3, Extractor  
  45  4:21  Drone x4  
  48  4:43  Drone x4  
  48  4:44  Drone  
  48  4:45  Queen  
  55  4:57  Zergling x2  
  55  4:58  Zergling x6, Overlord x4  
  52  5:22  Spore Crawler  
  51  5:37  Drone  
  51  5:41  Hatchery  
  49  5:46  Lair  
  49  5:48  Drone  
  49  5:49  Drone x2  
  53  5:50  Drone x4, Evolution Chamber  
  55  6:03  Zergling x12  
  57  6:14  Drone x2  
  57  6:15  Drone  
  58  6:20  Baneling x6  
  58  6:21  Baneling x2  
  58  6:22  Zerg Melee Weapons Level 1  
  58  6:37  Drone x3  
  58  6:39  Drone  
  62  6:48  Drone  
  62  6:49  Drone x2  
  62  6:52  Drone x2  
  62  6:53  Drone x2, Extractor x2  
  67  7:03  Drone  
  67  7:07  Drone  
  69  7:09  Zergling x4  
  69  7:14  Baneling x6  
  67  7:29  Zergling x20  
  62  7:38  Zergling x8  
  62  7:39  Queen x3  
  62  7:41  Centrifugal Hooks  
  70  7:46  Zergling x2  
  70  7:48  Baneling x4  
  68  7:53  Zergling x6  
  70  7:58  Zergling x4  
  70  8:02  Zergling x18  
  71  8:24  Zergling x14  
  77  8:43  Hatchery  
  77  8:46  Baneling x4  
  77  8:47  Baneling x9  
  74  9:03  Zergling x12  
  74  9:04  Zergling x10  
  75  9:18  Zergling x2  
  75  9:19  Zergling x20  
  75  9:22  Zergling x6  
  75  9:23  Zergling x2  
  84  9:30  Zergling x6  
  81  9:46  Zergling x12  
  85  9:57  Spire  
  85  9:58  Drone x6  
  80  10:01  Baneling x2  
Show
View Real Time Build Order
Export as new Build Order

llllllllllll Terran - Winner!

Build Orders: Liberator Opening, Reaper Expand 

Get SALT Encoding   

  12  0:00  SCV  
  13  0:12  SCV  
  14  0:17  Supply Depot  
  14  0:24  SCV  
  15  0:38  SCV  
  15  0:40  Barracks  
  16  0:44  Refinery  
  16  0:50  SCV  
  17  1:02  SCV  
  18  1:14  SCV  
  19  1:27  Orbital Command  
  19  1:29  Reaper  
  20  1:39  Command Center  
  20  1:49  Supply Depot  
  20  1:53  SCV  
  21  2:01  Marine  
  21  2:06  SCV  
  23  2:10  Factory  
  23  2:18  SCV  
  24  2:24  Barracks Reactor  
  24  2:30  SCV  
  25  2:42  Command Center, SCV  
  26  2:55  SCV  
  26  2:56  Orbital Command  
  27  3:07  Starport, SCV  
  27  3:10  Refinery  
  28  3:19  Hellion x2  
  32  3:21  Marine  
  32  3:22  SCV  
  32  3:24  SCV  
  36  3:34  SCV  
  36  3:37  SCV  
  37  3:46  Hellion x2  
  37  3:48  Liberator  
  44  3:52  Barracks Tech Lab  
  44  3:55  SCV x2  
  46  3:56  Orbital Command  
  44  4:07  SCV x2  
  44  4:08  Hellion x2  
  49  4:11  Stimpack, Marine  
  50  4:19  SCV x2  
  50  4:23  SCV  
  50  4:24  Supply Depot  
  53  4:31  SCV x2  
  54  4:35  Marine  
  54  4:36  Hellion, Starport Reactor  
  56  4:45  SCV  
  56  4:46  Barracks, SCV x2  
  56  4:51  Barracks  
  59  4:58  Refinery, Engineering Bay, SCV x2  
  59  4:59  Refinery, Engineering Bay  
  61  5:01  Marine  
  62  5:09  SCV  
  62  5:10  SCV  
  62  5:11  Supply Depot  
  62  5:12  Factory Reactor  
  64  5:16  SCV  
  64  5:20  Marine  
  66  5:21  SCV  
  66  5:22  Supply Depot, Starport Reactor  
  66  5:28  Terran Infantry Armor Level 1, Terran Infantry Weapons Level 1  
  67  5:33  Supply Depot, SCV x2  
  69  5:37  Orbital Command  
  69  5:43  Marine  
  69  5:47  Marine x2  
  69  5:48  Barracks x2  
  69  5:49  SCV x2  
  71  5:51  Supply Depot  
  71  5:53  Marine x2  
  73  6:01  Marine, SCV x2  
  74  6:04  Marine  
  74  6:05  Marine, SCV  
  74  6:09  Widow Mine x2  
  74  6:10  Medivac  
  74  6:11  Marine, Medivac  
  86  6:13  SCV  
  86  6:14  SCV  
  86  6:16  Marine  
  86  6:17  SCV  
  84  6:18  Marine  
  84  6:19  Combat Shield  
  84  6:22  Marine  
  84  6:25  SCV  
  87  6:26  SCV  
  87  6:28  Marine  
  87  6:29  Marine  
  87  6:32  Supply Depot  
  90  6:33  Widow Mine  
  90  6:34  Marine, SCV, Widow Mine  
  90  6:35  Armory  
  90  6:37  SCV  
  90  6:38  Barracks Reactor x2  
  90  6:39  Supply Depot  
  97  6:40  Marine x2  
  97  6:45  Medivac  
  101  6:51  Supply Depot  
  101  6:52  Supply Depot  
  101  6:53  Marine x2  
  101  6:54  SCV x2, Medivac  
  107  6:55  Refinery, Marine  
  107  6:57  Factory  
  107  7:00  SCV  
  107  7:01  Widow Mine x2  
  113  7:03  Marine x2  
  113  7:04  Supply Depot  
  113  7:06  SCV x2  
  117  7:12  Marine  
  117  7:13  Marine, SCV  
  117  7:14  Supply Depot  
  120  7:18  SCV x2  
  120  7:22  Marine x4  
  116  7:23  Marine x3  
  116  7:24  Medivac  
  116  7:25  Medivac  
  116  7:26  Supply Depot, SCV  
  124  7:30  Marine, SCV  
  124  7:31  Marine  
  124  7:34  Widow Mine  
  115  7:40  Command Center, Marine x3  
  115  7:42  Marine x2  
  118  7:47  Terran Infantry Armor Level 2, Terran Infantry Weapons Level 2  
  118  7:52  Marine  
  118  7:53  Marine x3  
  118  7:54  Medivac  
  118  7:55  Factory Tech Lab, Medivac  
  118  7:56  Supply Depot  
  118  7:58  Marine x3  
  129  8:03  Marine x2  
  129  8:04  Widow Mine x2  
  135  8:07  Terran Vehicle And Ship Armor Level 1  
  135  8:10  Marine  
  135  8:11  Refinery, Marine  
  134  8:14  Barracks  
  134  8:15  Barracks  
  134  8:18  Barracks  
  129  8:26  Marine x7  
  128  8:28  Marine x2  
  128  8:32  Drilling Claws, Widow Mine x2  
  128  8:33  Widow Mine  
  136  8:38  Supply Depot  
  136  8:41  Liberator x2  
  136  8:44  Marine x4  
  136  8:47  Marine x5  
  151  8:54  Widow Mine  
  153  9:02  Marine x4  
  157  9:03  SCV  
  157  9:04  Widow Mine x2  
  157  9:05  Supply Depot  
  162  9:13  Marine x3  
  162  9:14  Marauder, Barracks Tech Lab x2  
  162  9:15  Barracks Tech Lab  
  154  9:23  Marine x5  
  149  9:25  SCV x2  
  149  9:28  Planetary Fortress  
  149  9:30  Marine  
  152  9:35  Marauder  
  152  9:42  Marine x9  
  152  9:43  Marauder  
  161  9:50  Marine  
  157  9:58  Command Center  
  157  9:59  Command Center  
Tags
 
Add a new tag
Caveats
  • Supply blocks, unpowered buildings, or Contaminate may cause inaccurate times.
  • Supply counts are checked every 10 seconds.